 Dungeon Crawl Stone Soup version 0.26.0-10-g1f06aea511 (webtiles) character file.

Game seed: 14298700000648151076

120 Borgoz the Slasher (level 5, -1/44 HPs)
             Began as a Ghoul Gladiator on Jan 18, 2021.
             Slain by a river rat (6 damage)
             ... on level 3 of the Dungeon.
             The game lasted 00:01:38 (2073 turns).

Borgoz the Slasher (Ghoul Gladiator)                Turns: 2073, Time: 00:01:38

Health: -1/44      AC:  4    Str: 18    XL:     5   Next: 4%
Magic:  4/4        EV: 12    Int:  3    God:
Gold:   127        SH:  0    Dex: 11    Spells: 4/4 levels left

rFire    . . .     SeeInvis .   a - +0 long sword
rCold    + . .     Faith    .   (no shield)
rNeg     + + +     Spirit   .   b - +0 leather armour
rPois    ∞         Reflect  .   c - +0 helmet
rElec    .         Harm     .   (no cloak)
rCorr    .         Rampage  .   (no gloves)
Will     .....                  (no boots)
Stlth    +.........             (no amulet)
HPRegen  0.00/turn              (no ring)
MPRegen  0.09/turn              (no ring)

@: no status effects
A: claws 1, cold resistance 1, negative energy resistance 3, inhibited
regeneration, torment resistance, unbreathing
a: no special abilities


You were on level 3 of the Dungeon.
You visited 1 branch of the dungeon, and saw 3 of its levels.

You collected 127 gold pieces.

Inventory:

Hand Weapons
 a - a +0 long sword (weapon)
Missiles
 d - 3 throwing nets (quivered)
Armour
 b - a +0 leather armour (worn)
 c - a +0 helmet (worn)
 k - a +0 ring mail
Scrolls
 e - 3 scrolls of remove curse
 i - 3 scrolls of identify {unknown}
 l - a scroll of immolation {unknown}
Potions
 f - a potion of curing {unknown}
 g - a potion of attraction {unknown}
 h - a potion of mutation {unknown}
 j - a potion of flight {unknown}
 m - 2 potions of heal wounds {unknown}


   Skills:
 + Level 2.9 Fighting
 * Level 3.6 Long Blades
 - Level 1.8 Throwing
 * Level 2.1 Armour
 + Level 3.2 Dodging


You had 4 spell levels left.
You didn't know any spells.
Your spell library was empty.

Dungeon Overview and Level Annotations

Branches:
Dungeon (3/15)

Altars:
Makhleb


Innate Abilities, Weirdness & Mutations

You thrive by killing the living.
You are immune to poison.
You have sharp fingernails.
Your flesh is cold resistant. (rC+)
You are immune to negative energy. (rN+++)
You do not regenerate when monsters are visible.
You are immune to unholy pain and torment.
You can survive without breathing.


Message History

The river rat twitches its whiskers.
You hit the rat.
The rat is heavily wounded.
The rat closely misses you.
You riposte.
You barely miss the rat.
The rat is heavily wounded.
You closely miss the rat.
The rat is heavily wounded.
The rat bites you but does no damage.
You closely miss the river rat. You hit the river rat.
The river rat is heavily wounded.
The river rat barely misses you. The river rat closely misses you.
You barely miss the river rat.
The river rat is heavily wounded.
The river rat bites you!
* * * LOW HITPOINT WARNING * * *
You barely miss the river rat.
The river rat is heavily wounded.
The river rat bites you.
You die...

#++#r≈... #.# ≈≈≈≈≈≈...
... # .≈≈≈≈!..# #.# .#
.≈......# #.# ###.###
........###.# .........
###.###r....##..........
#...rr##..............
#####r#(..............
#@#........>...... ###
#.#...††........#.
#.###.###.#.#.........
#.##................##
#.##..###.#........ #(
#.##..###.#........ #=
#.##............... ##
#.##...##.#........ #
#.##......#...#.... #


You could see a river rat and 3 rats.

Vanquished Creatures
  An orc priest (D:3)
  4 adders (D:2)
  An ooze (D:2)
  3 dart slugs (D:1)
  A leopard gecko (D:3)
  2 orcs (D:3)
  5 bats
  2 giant cockroaches
  3 goblins
  2 hobgoblins (D:1)
  6 jackals (D:2)
  2 frilled lizards (D:1)
  7 kobolds
  4 rats
43 creatures vanquished.

Notes
Turn   | Place    | Note
-------+----------+-------------------------------------------
     0 | D:1      | Borgoz the Ghoul Gladiator began the quest for the Orb.
     0 | D:1      | Reached XP level 1. HP: 17/17 MP: 0/0
   104 | D:1      | Reached XP level 2. HP: 23/25 MP: 1/1
   615 | D:1      | Reached skill level 1 in Armour
   615 | D:1      | Reached XP level 3. HP: 30/30 MP: 2/2
  1126 | D:2      | Reached XP level 4. HP: 29/37 MP: 3/3
  1340 | D:2      | Found a burning altar of Makhleb.
  1411 | D:2      | Noticed a balrug
  1415 | D:2      | Noticed a hellwing
  1415 | D:2      | Noticed a neqoxec
  2043 | D:3      | Reached XP level 5. HP: 23/44 MP: 4/4
  2073 | D:3      | Slain by a river rat

Illustrated notes

Levels and vault maps discovered:
D:1:      dpeg_arrival_leaves_temple_mockup, layout_basic
D:2:      layout_loops_ring, chequers_serial_rivers_micro_a, minivault_26,
          makhleb_altar_promises_db
D:3:      minmay_spotlight, layout_basic, portal_sewer_entry_e,
          chequers_ecumenical_altar_grove

Skill      XL: |  1  2  3  4 |
---------------+-------------+-----
Long Blades    | 3 |  3.6
Armour         | 1 2 |  2.1
Dodging        | 3 |  3.2
Fighting       | |  2.9
Throwing       | |  1.8

Action                   |  1- 3 |  4- 6 || total
-------------------------+-------+-------++-------
Melee: Long sword        |   120 |    46 ||   166
  Use: Scroll            |     2 |       ||     2
Armor: Leather armour    |    53 |    10 ||    63
Dodge: Dodged            |   123 |    38 ||   161
       Rpst.: Long sword |    32 |    12 ||    44
